[Event "Championnat du monde jeunes U12"]
[Date "2024.11.19"]
[White "Batbaatar, Baatar"]
[Black "Huseynov, Ahmed"]
[WhiteElo "2030"]
[BlackElo "1886"]
[Round "5.23"]
[Result "1-0"]
[TimeControl "5400+30"]

1. e4 e6 2. d4 d5 3. Nc3 Bb4 4. Ne2 Nf6 5. e5 Nfd7 6. a3 Be7 7. f4 g6 8. Be3 c5 9. Qd2 Nc6 10. dxc5 Qa5 11. Nd4 Bxc5 12. O-O-O a6 13. Kb1 Nxd4 14. Bxd4 Bxd4 15. Qxd4 Qc5 16. Qxc5 Nxc5 17. Bd3 b5 18. b4 Nd7 19. Ne2 Nb6 20. g4 Ke7 21. Nd4 Bd7 22. Rdf1 Rhc8 23. h4 Rc3 24. h5 Rxa3 25. f5 gxf5 26. gxf5 Nc4 27. f6+ Kd8 28. Rfg1 h6 29. Rg8+ Be8 30. Nxe6+ Kd7 31. Ng7 Nxe5 32. Bf5+ Kc6 33. Re1 Nc4 34. Rexe8 Nd2+ 35. Kc1 Nc4 36. Kd1 Ra7 37. Re7 Rc7 38. Bd3 Nb2+ 39. Ke2 Nxd3 40. cxd3 Ra2+ 41. Ke3 Ra1 42. Rxc7+ Kxc7 43. Rf8 1-0

[Variant "Standard"]
[Site "Europe Echecs"]

[Event "Championnat du monde jeunes U12"]
[Date "2024.11.19"]
[White "Wijerathna, Vinuka Dihain"]
[Black "Fadeev, Justin Michael"]
[WhiteElo "2004"]
[BlackElo "1878"]
[Round "5.26"]
[Result "1-0"]
[TimeControl "5400+30"]

1. e4 e6 2. d4 d5 3. Nc3 Bb4 4. exd5 exd5 5. Bd3 Ne7 6. Qh5 h6 7. Ne2 Nd7 8. h3 Nf6 9. Qf3 Nc6 10. O-O O-O 11. a3 Ba5 12. b4 Bb6 13. Be3 a6 14. Rad1 Be6 15. Rfe1 Na7 16. Nf4 Nc8 17. Qg3 Kh8 18. Nxe6 fxe6 19. Ne2 c6 20. Bf4 Ne7 21. Be5 Nf5 22. Bxf5 exf5 23. Nf4 Rf7 24. Qg6 Qd7 25. Rd3 Re8 26. Rde3 Ne4 27. Qxh6+ Kg8 28. Qh5 Bc7 29. Ng6 Rfe7 30. Qh8+ Kf7 31. Qxg7+ Ke6 32. Nf4# 1-0

[Variant "Standard"]
[Site "Europe Echecs"]

[Event "Championnat du monde jeunes U12"]
[Date "2024.11.19"]
[White "Nguyen, Khoi"]
[Black "Mai, Duc Kien"]
[WhiteElo "1994"]
[BlackElo "1771"]
[Round "5.36"]
[Result "1/2-1/2"]
[TimeControl "5400+30"]

1. c4 Nf6 2. g3 g6 3. Bg2 d5 4. cxd5 Nxd5 5. Qb3 Nb6 6. Qc3 Rg8 7. Nf3 Bg7 8. d4 Nc6 9. e3 Be6 10. O-O Qd7 11. Rd1 O-O-O 12. Qc2 Bh3 13. Nc3 Bxg2 14. Kxg2 Bf6 15. Qb3 e6 16. e4 g5 17. e5 g4 18. Ng1 Be7 19. Nge2 h5 20. Be3 h4 21. Nf4 h3+ 22. Kg1 Bg5 23. Ne4 Bxf4 24. Nf6 Qe7 25. Nxg8 Rxg8 26. Bxf4 Nd5 27. Qc2 f5 28. a3 Qf7 29. Qd2 1/2-1/2

[Variant "Standard"]
[Site "Europe Echecs"]

[Event "Championnat du monde jeunes U12"]
[Date "2024.11.20"]
[White "Lacan Rus, David"]
[Black "Radzimski, Antoni"]
[WhiteElo "2274"]
[BlackElo "2188"]
[Round "6.1"]
[Result "0-1"]
[TimeControl "5400+30"]

1. d4 Nf6 2. c4 e6 3. Nc3 Bb4 4. f3 O-O 5. a3 Bxc3+ 6. bxc3 Ne8 7. e4 b6 8. Bd3 Nc6 9. f4 Ba6 10. Nf3 Na5 11. Qe2 c5 12. Be3 Rc8 13. Nd2 f5 14. e5 d5 15. dxc5 dxc4 16. Bc2 Nc7 17. Nf3 Nd5 18. Nd4 Qe7 19. cxb6 Nxc3 20. Qd2 Nd5 21. Qxa5 Nxe3 22. Qxa6 Qc5 23. b7 Rcd8 24. Qxe6+ Kh8 25. b8=Q Rxb8 26. Rd1 Nxd1 27. Qd6 Qa5+ 28. Kxd1 Rfd8 29. Nxf5 Rxd6+ 0-1

[Variant "Standard"]
[Site "Europe Echecs"]

[Event "Championnat du monde jeunes U12"]
[Date "2024.11.20"]
[White "Golis, Wiktor"]
[Black "Abdsattar, Alisher"]
[WhiteElo "2343"]
[BlackElo "2082"]
[Round "6.2"]
[Result "1-0"]
[TimeControl "5400+30"]

1. d4 Nf6 2. c4 g6 3. Nc3 Bg7 4. e4 d6 5. Be2 O-O 6. Be3 c5 7. d5 e6 8. Nf3 exd5 9. cxd5 b5 10. e5 Ng4 11. Bg5 Qb6 12. exd6 b4 13. Ne4 f5 14. Ned2 Bxb2 15. Rb1 Bf6 16. Nc4 Qd8 17. Bf4 Ba6 18. O-O Nd7 19. h3 Bxc4 20. Bxc4 Nge5 21. Bb5 Rb8 22. Bc6 g5 23. Bxe5 Nxe5 24. Nxe5 Bxe5 25. d7 Qf6 26. Qe2 f4 27. Qf3 c4 28. Rfe1 Bc7 29. Re4 c3 30. Rbe1 a5 31. Ba4 Rbd8 32. Re7 Qf5 33. R1e2 Rf7 34. d6 Bxd6 35. Re8+ Rf8 36. Rxd8 Rxd8 37. Re8+ Qf8 38. Qd5+ Kg7 39. Qxg5+ 1-0

[Variant "Standard"]
[Site "Europe Echecs"]

[Event "Championnat du monde jeunes U12"]
[Date "2024.11.20"]
[White "Smirnov, Mark"]
[Black "Tatvidze, Davit"]
[WhiteElo "2300"]
[BlackElo "2024"]
[Round "6.3"]
[Result "1-0"]
[TimeControl "5400+30"]

1. e4 c5 2. Nf3 Nc6 3. Bb5 Nf6 4. Bxc6 dxc6 5. d3 Qc7 6. b3 e5 7. Bb2 Nd7 8. Nbd2 Be7 9. Nc4 f6 10. a4 O-O 11. h4 Nb6 12. Ne3 Be6 13. h5 Nc8 14. Nh4 Nd6 15. Qf3 Rfd8 16. Qg3 Kf8 17. O-O Rd7 18. f4 exf4 19. Rxf4 Ne8 20. e5 Kg8 21. Nef5 fxe5 22. Bxe5 Qxe5 23. Nxe7+ Rxe7 24. Rf8+ Kxf8 25. Qxe5 b6 26. Re1 Nc7 27. Nf5 Rd7 28. h6 Kg8 29. Nxg7 Bf7 30. Nf5 Ne6 31. Qf6 Re8 32. Ng7 1-0

[Variant "Standard"]
[Site "Europe Echecs"]

[Event "Championnat du monde jeunes U12"]
[Date "2024.11.20"]
[White "Petroff, Vlad"]
[Black "Negrean, Andrei"]
[WhiteElo "2079"]
[BlackElo "2255"]
[Round "6.4"]
[Result "0-1"]
[TimeControl "5400+30"]

1. e4 c5 2. Nf3 Nc6 3. Bb5 g6 4. Bxc6 dxc6 5. d3 Qc7 6. O-O e5 7. Be3 Nf6 8. Qe1 Bd6 9. Qc3 b6 10. Bh6 Ng4 11. Bg5 f6 12. Be3 Be6 13. a3 a5 14. Nbd2 Nxe3 15. fxe3 O-O 16. a4 Rfd8 17. h3 c4 18. dxc4 Bb4 19. Qb3 Bxd2 20. Nxd2 Rxd2 21. Rxf6 Qe7 22. Raf1 Rad8 23. Qc3 Bf5 24. R6xf5 gxf5 25. Rxf5 Qg7 26. g4 Qh6 27. Rh5 Qf6 28. Rf5 Qh4 29. Qxe5 Qe1+ 30. Rf1 Qxe3+ 31. Kh1 Qxh3+ 32. Kg1 Qg2# 0-1

[Variant "Standard"]
[Site "Europe Echecs"]

[Event "Championnat du monde jeunes U12"]
[Date "2024.11.20"]
[White "Fulgentini, Edoardo"]
[Black "Diachek, Andrii"]
[WhiteElo "2075"]
[BlackElo "2162"]
[Round "6.5"]
[Result "1/2-1/2"]
[TimeControl "5400+30"]

1. e4 e5 2. Nf3 Nc6 3. Bb5 a6 4. Ba4 Nf6 5. O-O Be7 6. Re1 b5 7. Bb3 O-O 8. d4 d6 9. c3 Bg4 10. Be3 exd4 11. cxd4 Na5 12. Bc2 c5 13. Nbd2 Re8 14. h3 Bh5 15. Nf1 Nc6 16. Ng3 Bg6 17. Nh4 cxd4 18. Bxd4 Nxd4 19. Qxd4 Nd7 20. Nxg6 hxg6 21. Rad1 Rc8 22. Bb3 Ne5 23. Bd5 Nc6 24. Qd2 Bf6 25. Rc1 Qb6 26. Ne2 Ne5 27. b3 Rc5 28. Rxc5 dxc5 29. Rc1 Nc6 30. Qe3 Nd4 31. Nxd4 Bxd4 32. Qf4 Qf6 33. Qxf6 gxf6 34. Kf1 Kf8 35. f3 Rd8 36. Ke2 f5 37. Kd3 f4 38. Rc2 Bg1 39. a4 bxa4 40. bxa4 Rb8 41. Bc4 a5 42. Bb5 Rd8+ 43. Ke2 Ke7 44. Rd2 Bd4 45. Kf1 Kd6 46. Rd1 Rb8 47. Ke2 Ke5 48. Rc1 f6 49. Rd1 g5 50. Rd2 Rd8 51. Kf1 Rc8 52. Ke2 Rd8 53. Kf1 1/2-1/2

[Variant "Standard"]
[Site "Europe Echecs"]

[Event "Championnat du monde jeunes U12"]
[Date "2024.11.20"]
[White "Gao, Heye"]
[Black "Shilon Rahav, Eliran"]
[WhiteElo "1933"]
[BlackElo "2150"]
[Round "6.6"]
[Result "1-0"]
[TimeControl "5400+30"]

1. e4 c5 2. Nf3 Nc6 3. Nc3 e5 4. Bc4 g6 5. d3 h6 6. Ng1 Bg7 7. f4 Nf6 8. Nf3 d6 9. O-O Bg4 10. h3 Bxf3 11. Qxf3 Nd4 12. Qf2 Nc6 13. Nd5 O-O 14. f5 Kh7 15. g4 g5 16. h4 gxh4 17. g5 Nxd5 18. exd5 hxg5 19. f6 Bh6 20. dxc6 d5 21. Qf5+ Kh8 22. cxb7 Rb8 23. Bb3 c4 24. Kh1 Rg8 25. dxc4 Rxb7 26. cxd5 Rxb3 27. axb3 Qxd5+ 28. Qf3 e4 29. Qh5 Rg6 30. Be3 Qd7 31. Kg2 Qc7 32. Qg4 Qxc2+ 33. Rf2 Qxb3 34. Rxa7 Qxe3 35. Rxf7 Qb3 36. Re7 e3 37. Qc8+ Rg8 38. Qf5 h3+ 39. Qxh3 Qd5+ 40. Qf3 Qc4 41. Qf5 Rg6 42. Rc2 Qxc2+ 1-0

[Variant "Standard"]
[Site "Europe Echecs"]

[Event "Championnat du monde jeunes U12"]
[Date "2024.11.20"]
[White "Obidjonov, Oriyat"]
[Black "Golubovic, Erik"]
[WhiteElo "2074"]
[BlackElo "2147"]
[Round "6.7"]
[Result "1-0"]
[TimeControl "5400+30"]

1. e4 c5 2. Nf3 d6 3. c3 Nf6 4. h3 g6 5. Bd3 Bg7 6. Bc2 O-O 7. d4 Nc6 8. d5 Nb8 9. O-O e6 10. c4 exd5 11. cxd5 Nbd7 12. Nc3 a6 13. a4 Rb8 14. a5 b5 15. axb6 Rxb6 16. Ra2 Nh5 17. Bg5 Qc7 18. Nd2 Rb4 19. Bd3 Ne5 20. Be2 Nf6 21. f4 Ned7 22. Bxa6 Nh5 23. Bxc8 Rxc8 24. Kh2 Rcb8 25. Qc1 Nb6 26. Nd1 Nf6 27. Qc2 Re8 28. Nc3 Nc4 29. Nxc4 Rxc4 30. Ra4 Rb4 31. Rfa1 h6 32. Bxf6 Bxf6 33. e5 dxe5 34. Ne4 Rxe4 35. Qxe4 Rf8 36. Ra7 Qb8 37. f5 gxf5 38. Qxf5 e4+ 39. Kh1 Qxb2 40. Qxe4 Qb3 41. Rf1 Bg7 42. Qf5 Qc4 43. d6 Qd4 44. Rxf7 Qxd6 45. Rxf8+ Bxf8 46. Qf7+ 1-0

[Variant "Standard"]
[Site "Europe Echecs"]

[Event "Championnat du monde jeunes U12"]
[Date "2024.11.20"]
[White "Mamikonyan, Artem T"]
[Black "Luger, Sam"]
[WhiteElo "1918"]
[BlackElo "2094"]
[Round "6.8"]
[Result "1/2-1/2"]
[TimeControl "5400+30"]

1. e4 e5 2. Nf3 Nc6 3. Bc4 Nf6 4. d3 h6 5. O-O d6 6. c3 g5 7. a4 Bg7 8. Qb3 O-O 9. a5 Ne7 10. Be3 Ng6 11. Nbd2 c6 12. d4 g4 13. Ne1 Qe7 14. Qc2 Be6 15. a6 b6 16. Bd3 Nf4 17. g3 Nxd3 18. Nxd3 Nh7 19. Nb4 Qc7 20. d5 cxd5 21. exd5 Bd7 22. Qd3 Rac8 23. f4 exf4 24. Bxf4 Ng5 25. Bxg5 hxg5 26. Rae1 f5 27. Re7 Qd8 28. Rfe1 Be5 29. R7xe5 dxe5 30. Rxe5 Qf6 31. Qd4 Rce8 32. Nc4 b5 33. Rxe8 Qxd4+ 34. cxd4 Rxe8 35. Ne5 Rd8 36. Kf2 Kf8 37. Ke3 Ke7 38. d6+ Ke6 39. Nbd3 Rc8 40. d5+ Kxd5 41. Nxd7 Kxd6 42. N7e5 Kd5 43. Nf7 Rg8 44. b3 Rg7 45. Nd8 Rh7 46. Nb7 Kc6 47. Nb4+ Kb6 48. Nd5+ Kc6 49. Nb4+ Kb6 50. Nd5+ Kc6 51. Nb4+ Kc7 52. Nd5+ Kb8 53. Na5 Rh6 54. Nb4 Rxh2 55. Nac6+ Ka8 56. Nd5 Rh7 57. Kd4 Rg7 58. Ne5 Kb8 1/2-1/2

[Variant "Standard"]
[Site "Europe Echecs"]

[Event "Championnat du monde jeunes U12"]
[Date "2024.11.20"]
[White "Birmenko, Nikolay"]
[Black "Le, Anh Tu"]
[WhiteElo "2084"]
[BlackElo "1812"]
[Round "6.9"]
[Result "1-0"]
[TimeControl "5400+30"]

1. e4 c5 2. Nf3 Nc6 3. Bb5 e6 4. Bxc6 bxc6 5. d3 Ne7 6. Qe2 Ng6 7. h4 h5 8. e5 f6 9. Nbd2 Qc7 10. Nc4 Ba6 11. Qe4 Kf7 12. Bf4 Qb7 13. O-O-O f5 14. Qe3 Rb8 15. b3 Qb4 16. g3 Ne7 17. Qe1 Qxe1 18. Nd6+ Kg6 19. Rhxe1 Nd5 20. c4 Nxf4 21. gxf4 Be7 22. Rg1+ Kh7 23. Ng5+ Bxg5 24. Rxg5 g6 25. Rdg1 Rhg8 26. Kb2 Rb6 27. R5g3 Rbb8 28. Kc3 Bb7 29. a3 a5 30. d4 cxd4+ 31. Kxd4 Ba8 32. Kc5 Kh6 33. Nf7+ Kg7 34. Ng5 Kh6 35. Rd1 Rg7 36. Rgd3 Rb7 37. b4 Re7 38. bxa5 Ra7 39. a6 Rxa6 40. Rxd7 Ra7 41. Rxe7 Rxe7 42. Rd8 Bb7 43. Kd6 1-0

[Variant "Standard"]
[Site "Europe Echecs"]

[Event "Championnat du monde jeunes U12"]
[Date "2024.11.20"]
[White "Bulgak, Damir"]
[Black "Sahbudak, Baris Cinar"]
[WhiteElo "2044"]
[BlackElo "2264"]
[Round "6.10"]
[Result "0-1"]
[TimeControl "5400+30"]

1. Nf3 Nf6 2. c4 g6 3. Nc3 d5 4. cxd5 Nxd5 5. h4 h5 6. Qb3 Nb6 7. Ng5 e6 8. g3 Nc6 9. Bg2 Bg7 10. O-O O-O 11. d3 Qe7 12. Nge4 Nd4 13. Qd1 e5 14. Bg5 f6 15. Be3 c6 16. Nd2 Nf5 17. Bxb6 axb6 18. Nc4 Ra6 19. a4 Be6 20. b3 Rd8 21. Rb1 b5 22. Nd2 b4 23. Nce4 Bd5 24. Rc1 Nd4 25. Nc4 Ne6 26. Ned2 Bxg2 27. Kxg2 f5 28. Qe1 b5 29. axb5 cxb5 30. Ne3 Nd4 31. Nc2 e4 32. Nxd4 Bxd4 33. Qd1 Bc3 34. Qc2 Rad6 35. d4 Bxd4 36. Nb1 f4 37. gxf4 Qxh4 38. e3 Qg4+ 39. Kh2 Qh4+ 40. Kg2 Bg7 41. Qxe4 Qg4+ 42. Kh2 g5 43. Rc5 Qh4+ 44. Kg1 gxf4 45. exf4 Rd1 46. Rg5 Rxf1+ 47. Kxf1 Qh3+ 48. Rg2 Qh1+ 49. Ke2 Qd1+ 50. Ke3 Qe1+ 51. Kf3 Qd1+ 52. Ke3 Qxb3+ 53. Ke2 Qd1+ 54. Ke3 Qe1+ 55. Kf3 Qxe4+ 56. Kxe4 Rd1 57. f5 Kf7 58. Rg6 Rxb1 59. Rb6 b3 60. Rb7+ Kg8 61. f6 Bxf6 62. Kf5 Bg7 0-1

[Variant "Standard"]
[Site "Europe Echecs"]

[Event "Championnat du monde jeunes U12"]
[Date "2024.11.20"]
[White "Qu, Haoming"]
[Black "Aansh Nandan Nerurkar"]
[WhiteElo "1969"]
[BlackElo "2247"]
[Round "6.11"]
[Result "1/2-1/2"]
[TimeControl "5400+30"]

1. e4 c5 2. Nf3 d6 3. c3 Nf6 4. h3 Nc6 5. Bd3 e5 6. Bc2 d5 7. exd5 Qxd5 8. Qe2 Be7 9. d3 Bf5 10. Na3 O-O 11. Nc4 e4 12. dxe4 Bxe4 13. Bxe4 Qxe4 14. Qxe4 Nxe4 15. a4 Rad8 16. O-O Nd6 17. Nxd6 Bxd6 18. a5 f5 19. Bg5 Rd7 20. Rfd1 Rff7 21. g3 Bf8 22. Rxd7 Rxd7 23. Be3 g6 24. Kf1 Kf7 25. Nd2 Rd5 26. Nc4 Ne5 27. Nxe5+ Rxe5 28. a6 b6 29. Rd1 Ke8 30. c4 Re4 31. b3 Re7 32. Bf4 Rf7 33. Ke2 Bg7 34. Rd6 Re7+ 35. Kf3 Bd4 36. Rc6 Rd7 37. Rc8+ Rd8 38. Rc7 Rd7 39. Rb7 Kd8 40. Rb8+ Ke7 41. Ra8 Ke6 42. Re8+ Kf7 43. Rb8 Ke7 44. Rb7 Kd8 45. Rb8+ Ke7 46. g4 fxg4+ 47. hxg4 h5 48. gxh5 gxh5 49. Ke4 Bxf2 50. Kf5 h4 51. Bg5+ Kd6 52. Bf4+ Ke7 53. Bg5+ Kd6 54. Bf4+ Ke7 55. Rh8 Bg3 56. Rh7+ Kd8 57. Rh8+ Ke7 58. Rh7+ Ke8 59. Rh8+ Ke7 60. Rh7+ Kd8 61. Rh8+ Ke7 62. Rh7+ Ke8 63. Rh8+ Kf7 64. Rh7+ Ke8 65. Rh8+ Ke7 66. Rh7+ Kd8 67. Ke4
1/2-1/2

[Variant "Standard"]
[Site "Europe Echecs"]

[Event "Championnat du monde jeunes U12"]
[Date "2024.11.20"]
[White "Torres Rebolledo, Alvaro"]
[Black "Batbaatar, Baatar"]
[WhiteElo "2216"]
[BlackElo "2030"]
[Round "6.12"]
[Result "1-0"]
[TimeControl "5400+30"]

1. e4 c5 2. Nf3 d6 3. d4 cxd4 4. Nxd4 Nf6 5. Nc3 a6 6.
Be3 e5 7. Nb3 Be6 8. Qd2 Nbd7 9. O-O-O Rc8 10. Kb1 b5 11. h3 Be7 12. g4 Nb6 13. g5 Nfd7 14. f4 exf4 15. Bxf4 Ne5 16. Bxe5 dxe5 17. Qf2 Qc7 18. h4 Na4 19. Nd5 Bxd5 20. Rxd5 O-O 21. Bh3 Rcd8 22. Rhd1 Nb6 23. R5d3 a5 24. Nxa5 Ra8 25. Nb3 Qa7 26. Nc1 b4 27. Qg3 Qa5 28. h5 g6 29. hxg6 hxg6 30. Qh4 b3 31. cxb3 Rfd8 32. Bg4 Rxd3 33. Rh1 1-0

[Variant "Standard"]
[Site "Europe Echecs"]

[Event "Championnat du monde jeunes U12"]
[Date "2024.11.20"]
[White "Kuandykuly, Danis"]
[Black "Wijerathna, Vinuka Dihain"]
[WhiteElo "2199"]
[BlackElo "2004"]
[Round "6.13"]
[Result "0-1"]
[TimeControl "5400+30"]

1. e4 e5 2. Nc3 Nf6 3. g3 Nc6 4. Bg2 Bc5 5. Nge2 a6 6. d3 d6 7. h3 Be6 8. O-O d5 9.
Bg5 dxe4 10. Nxe4 Be7 11. Nxf6+ gxf6 12.
Be3 Qd7 13. Kh2 O-O-O 14. h4 Rhg8 15.
Qe1 f5 16. f4 f6 17. Rd1 Nb4 18. Qd2 Bd5 19. Bh3 Be6 20. Bg1 c5 21. Nc3 Kb8 22. b3 Bd6 23. Na4 Qg7 24. Qg2 Bd5 25. Qf2 exf4 26. gxf4 Nxc2 27. Nc3 Bc6 28. Ne2 Rde8 29. Rd2 Ne3 30. Qxe3 Rxe3 31. Bxe3 Re8 32. Bg1 Qh6 33. Bf2 Rxe2 34. Rxe2 Qxf4+ 0-1

[Variant "Standard"]
[Site "Europe Echecs"]

[Event "Championnat du monde jeunes U12"]
[Date "2024.11.20"]
[White "Liu, Patrick"]
[Black "Bocquenet-Drouode, Hugo"]
[WhiteElo "2192"]
[BlackElo "2002"]
[Round "6.14"]
[Result "1-0"]
[TimeControl "5400+30"]

1. e4 c5 2. Nf3 Nc6 3. d4 cxd4 4. Nxd4 Nf6 5. Nc3 d6 6. Bg5 e6 7. Qd2 a6 8. O-O-O Bd7 9. Kb1 Be7 10. f3 Nxd4 11. Qxd4 b5 12. h4 h6 13. Be3 h5 14. Bg5 O-O 15. Qd2 b4 16. Ne2 Qb8 17. Nf4 g6 18. Bd3 e5 19. Nd5 Nxd5 20. exd5 Bxg5 21. hxg5 Kg7 22. g4 hxg4 23. Rh7+ Kxh7 24. Qh2+ Kg7 25.
Qh6+ Kg8 26. Bxg6 fxg6 27. Qxg6+ Kh8 28.
Rh1# 1-0

[Variant "Standard"]
[Site "Europe Echecs"]

[Event "Championnat du monde jeunes U12"]
[Date "2024.11.20"]
[White "Ambartsumian, Tyhran"]
[Black "Antipov, Fedor"]
[WhiteElo "2123"]
[BlackElo "1991"]
[Round "6.15"]
[Result "1-0"]
[TimeControl "5400+30"]

1. e4 c5 2. Nf3 e6 3. b3 d5 4. Bb5+ Bd7 5. Bxd7+ Qxd7 6. exd5 Qxd5 7. Nc3 Qd7 8. Ne5 Qc7 9. f4 Nc6 10. Qe2 a6 11. Nxc6 Qxc6 12. Bb2 Nh6 13. O-O-O Nf5 14. Rhe1 O-O-O 15. Ne4 h5 16. Ng5 Rd7 17. g3 Bd6 18. Kb1 Bc7 19. d3 b5 20. Qe4 Kb7 21. Ba3 Bd6 22. Qe2 g6 23. Ne4 Be7 24. Qf2 Rc8 25. h3 Rdc7 26. g4 hxg4 27. hxg4 Bh4 28. Qf3 Bxe1 29. Rxe1 Ne7 30. Nd6+ Kb8 31. Qxc6 Rxc6 32. Nxc8 Rxc8 33. c4 b4 34. Bb2 Rd8 35. Kc2 Nc6 36. Rh1 Kc7 37. Bf6 Rd7 38. Rh8 Kb7 39. Kd2 Kc7 40. Ke3 Kb7 41. Rf8 Kc7 42. Ke4 Kb7 43. Re8 Kc7 44. g5 Kb7 45. Be5 Kb6 46. Rf8 Kb7 47. Bb2 Kb6 48. Rh8 Kb7 49. Rh3 Kb6 50. Rh2 Rd8 51. Bf6 Rd7 52. Rd2 Nd4 53. Be5 Rd8 54. Rh2 Nc6 55. Rh3 Rd7 56. Bf6 Rd6 57. Bh8 Rd8 58. Bg7 Rd7 59. Rh2 Rd8 60. Bf6 Rd7 61. Rh8 Kb7 62. Rf8 Kb6 63. Be5 Kb7 64. Bf6 Kb6 65. Bb2 Kb7 66. Bc1 Rd4+ 67. Kf3 Rd7 68. Be3 Kb6 69. Ke4 a5 70. Bf2 a4 71. bxa4 Ra7 72. d4 Rxa4 73. dxc5+ Kc7 74. Rxf7+ Kd8 75. Be1 Rxa2 76. Bxb4 Nxb4 77. Ke5 Ra5 78. Rb7 Rxc5+ 79. Kd4 Rf5 80. Rxb4 Rxf4+ 81. Ke5 Rf5+ 82.
Kd6 Kc8 83. Rb5 Rf4 84. Rc5+ Kb7 85.
Rc7+ Kb8 86. Rg7 Rxc4 87. Kxe6 Rc6+ 88.
Kf7 Kc8 89. Rxg6 Rc5 90. Rg8+ Kd7 91. g6 Rf5+ 92. Kg7 Ke7 93. Ra8 Rf1 94. Ra7+ Ke8 95. Kg8 Rf8+ 96. Kh7 Rf1 97. g7 Rh1+ 98. Kg8 Rh4 99. Ra2 Rh1 100. Re2+ Kd7 101. Re4 Rh2 102.
Kf7 Rf2+ 103. Kg6 Rg2+ 104. Kf6 Kd6 105. Rd4+ Kc6 106. Rd8 Rf2+ 107. Ke5 Re2+ 108. Kf4 Rf2+ 109. Ke3 Rg2 110. g8=Q 1-0

[Variant "Standard"]
[Site "Europe Echecs"]

[Event "Championnat du monde jeunes U12"]
[Date "2024.11.20"]
[White "Filindash, Nikita"]
[Black "Kleschevnikov, Arseny"]
[WhiteElo "2076"]
[BlackElo "1893"]
[Round "6.16"]
[Result "1/2-1/2"]
[TimeControl "5400+30"]

1. d4 d5 2. c4 e6 3. Nc3 c6 4. cxd5 exd5 5. Qc2 Bd6 6. Nf3 Ne7 7. Bg5 h6 8. Bh4 Bf5 9. Qxf5 Nxf5 10. Bxd8 Kxd8 11. e3 Nd7 12. Bd3 Ne7 13. Ke2 Re8 14. Rhc1 f5 15. g3 g5 16. Rab1 a5 17. Na4 Kc7 18. a3 Rf8 19. h4 g4 20. Nd2 Nf6 21. Nb3 Ne4 22. Rc2 Rf6 23. Rbc1 Ra7 24. Nc3 Kd8 25. Bxe4 fxe4 26. Na4 h5 27. Rc3 Kc7 28. R3c2 Ra8 29. Rf1 Raf8 30. Rcc1 Nf5 31. Rg1 Ne7 32. Rgf1 Nf5 33. Rg1 Ne7 34. Rgf1 b6 35. Nd2 Kb7 36. Nb3 Nf5 37. Rg1 Bc7 38. Nd2 R6f7 39. Nb3 Nd6 40. Rgf1 Nf5 41. Rg1 Nd6 42. Rgf1 Nf5 43. Rg1 Bd6 44. Nd2 1/2-1/2

[Variant "Standard"]
[Site "Europe Echecs"]

[Event "Championnat du monde jeunes U12"]
[Date "2024.11.20"]
[White "Baturin-Vinogradov, Miroslav"]
[Black "Radnaev, Leo"]
[WhiteElo "2048"]
[BlackElo "1990"]
[Round "6.17"]
[Result "1-0"]
[TimeControl "5400+30"]

1. d4 Nf6 2. c4 g6 3. g3 Bg7 4. Bg2 O-O 5. Nc3 d6 6. Nf3 Nc6 7. O-O a6 8. b3 Bd7 9. Bb2 Rb8 10. Rc1 b5 11. d5 Na5 12. cxb5 axb5 13. Nd4 e6 14. dxe6 fxe6 15. Qd2 c5 16. Nf3 b4 17. Nb1 Qb6 18. Rcd1 Nb7 19. Ng5 d5 20. Qc2 Rbd8 21. Nd2 Nd6 22. e4 Ndxe4 23. Ndxe4 dxe4 24. Nxe4 Nxe4 25. Bxe4 Bc6 26. Bxg7 Kxg7 27. Qb2+ Kf7 28. Qe5 Bxe4 29. Qxe4 Qc7 30. Rfe1 Rd6 31. Qf4+ Ke7 32. Qh4+ Ke8 33. Rxd6 Qxd6 34. Qxh7 e5 35. Qg7 Rf6 36. Qg8+ Ke7 37. Qh7+ Kf8 38. Qh6+ Kf7 39. Qe3 Rf5 40. Qe2 Ke7 41. Rd1 Qc6 42. Qd2 Qc7 43. Qd5 Rf6 44. Qg8 Qb6 45. Qg7+ Ke8 46. Qd7+ Kf8 47. Qc8+ Kg7 48. Qe8 c4 49. Rd7+ Kh6 50. Qh8+ Kg5 51. Qh4+ Kf5 52. Qxc4 g5 53. Qd3+ Ke6 54. Qd5+ Kf5 55. Qf3+ Ke6 56. Qg4+ Rf5 57. Re7+ Kxe7 58. Qxf5 Qd4 59. Qxg5+ Ke6 60. Qg6+ Ke7 61. Qc2 Qc3 62. Qe2 Qc1+ 63. Kg2 Qc6+ 64. f3 Kf6 65. h4 Qc1 66. h5 Qg5 67. Qa6+ Ke7 68. Qb7+ Kd8 69. Qxb4 Qxh5 70. Qh4+ Qxh4 71. gxh4 1-0

[Variant "Standard"]
[Site "Europe Echecs"]

[Event "Championnat du monde jeunes U12"]
[Date "2024.11.20"]
[White "Ritzerveld, Noah"]
[Black "Skytte, Robert"]
[WhiteElo "2285"]
[BlackElo "1925"]
[Round "6.18"]
[Result "1/2-1/2"]
[TimeControl "5400+30"]

1. e4 c5 2. Nf3 Nc6 3. d4 cxd4 4. Nxd4 g6 5. c4 Bg7 6. Be3 Nf6 7. Nc3 O-O 8. Be2 b6 9. f3 Bb7 10. Qd2 a6 11. O-O Nxd4 12. Bxd4 d6 13. Rac1 Bc6 14. Rfd1 Nd7 15. Be3 Rc8 16. Bf1 Nc5 17. b4 Na4 18. Ne2 Nb2 19. Re1 b5 20. Nd4 Nxc4 21. Bxc4 bxc4 22. Rxc4 Bb5 23. Rxc8 Qxc8 24. Rc1 Qb7 25. Qc2 h6 26. a3 Bd7 27. Qc7 Rb8 28. Qxb7 Rxb7 29. Nc6 Bb2 30. Nxe7+ Kg7 31. Rb1 Bxa3 32. Bd4+ Kf8 33. Nd5 Be6 34. Bc3 Bxd5 35. exd5 a5 36. b5 Bc5+ 37. Kf1 a4 38. Ke2 a3 39. Kd3 a2 40. Ra1 Rxb5 41. Rxa2 Rb1 42. Bf6 Rb3+ 43. Kc4 Rb4+ 44. Kc3 Rb8 45. h4 Bb6 46. Rb2 Ba5+ 47. Kc4 Rxb2 48. Bxb2 Ke7 49. Bc1 Be1 50. h5 gxh5 51. Bxh6 f5 52. Bf4 Bh4 53. Kb5 Kd7 54. Bh6 Bf6 55. Kc4 Be5 56. Kd3 Bg3 57. Ke2 Kc7 58. Be3 Bh4 59. Bd4 Kd7 60. Bg7 Bg3 1/2-1/2

[Variant "Standard"]
[Site "Europe Echecs"]

[Event "Championnat du monde jeunes U12"]
[Date "2024.11.20"]
[White "Guo, Ethan"]
[Black "Matejka, Simon"]
[WhiteElo "2157"]
[BlackElo "1924"]
[Round "6.19"]
[Result "1-0"]
[TimeControl "5400+30"]

1. e4 e6 2. d4 d5 3. Nd2 c5 4. exd5 exd5 5. dxc5 Bxc5 6. Ngf3 Nc6 7. Nb3 Bb6 8. Bd3 Nf6 9. Qe2+ Be6 10. Ng5 Qd7 11. Be3 O-O 12. Bxb6 axb6 13. O-O Bg4 14. f3 Be6 15. Qf2 Qc7 16. Rfe1 Bd7 17. Qh4 h6 18. Nh3 Ne5 19. Qf4 Rfe8 20. Nf2 Ra4 21. Qd2 Rh4 22. f4 Nxd3 23. Rxe8+ Bxe8 24. Nxd3 Ne4 25. Qe2 Bd7 26. c3 Qc4 27. g3 Rh3 28. Qe3 f6 29. Nd4 g6 30. f5 g5 31. Nf2 Nxf2 32. Qxf2 Qd3 33. Qg2 Qe3+ 34. Kh1 Qe4 35. Qxe4 dxe4 36. Re1 Kf7 37. Rxe4 Rh5 38. Kg2 g4 39. Rxg4 Bxf5 40. Nxf5 Rxf5 41. Rb4 b5 42. h4 Ke6 43. Re4+ Kd5 44. Rd4+ Ke5 45. Rd7 Ke4 46. Rxb7 Kd3 47. g4 Re5 48. Kf3 Kc2 49. Kf4 Kxb2 50. a4 Kxc3 51. Rxb5 Re1 52. Kf5 Rf1+ 53. Kg6 Rf4 54. Kh5 Rxa4 55. Rf5 Re4 56. Rxf6 Kd4 57. Rf5 Re6 58. g5 hxg5 59. hxg5 Ke4 60. Ra5 Kf4 61. g6 Rb6 62. g7 Rb8 63. Kg6 1-0

[Variant "Standard"]
[Site "Europe Echecs"]

[Event "Championnat du monde jeunes U12"]
[Date "2024.11.20"]
[White "Sobirov, Afruzbek"]
[Black "Belin, Anton"]
[WhiteElo "1928"]
[BlackElo "2138"]
[Round "6.20"]
[Result "0-1"]
[TimeControl "5400+30"]

1. e4 e6 2. d4 d5 3. Nc3 Nf6 4. Bg5 h6 5. Bxf6 Qxf6 6. a3 Qd8 7. Nf3 dxe4 8. Nxe4 Be7 9. Bd3 Nd7 10. Qe2 a6 11. O-O-O b5 12. Nc5 Bxc5 13. dxc5 Qe7 14. c6 Nf6 15. Ne5 Nd5 16. g3 Rb8 17. c3 Qc5 18. Qh5 O-O 19. Bc2 a5 20. Ng4 Re8 21. Rd4 b4 22. Nf6+ Kf8 23. axb4 axb4 24. Nxe8 bxc3 25. bxc3 Qa3+ 26. Kd1 Qa1+ 27. Ke2 Ba6+ 28. Bd3 Rb2+ 29. Kf3 Qxh1+ 30. Kg4 Kxe8 31. Qe5 Bxd3 32. Rxd3 Nf6+ 33. Kh3 Qf1+ 34.
Kh4 g5+ 0-1

[Variant "Standard"]
[Site "Europe Echecs"]

[Event "Championnat du monde jeunes U12"]
[Date "2024.11.20"]
[White "Ivancic, Ivan"]
[Black "Vinales Gonzalez, Enzo Mathias"]
[WhiteElo "2091"]
[BlackElo "1903"]
[Round "6.21"]
[Result "1/2-1/2"]
[TimeControl "5400+30"]

1. e4 c5 2. Nf3 d6 3. d4 cxd4 4. Nxd4 Nf6 5. Nc3 a6 6. f3 e5 7. Nb3 Be6 8. Be3 h5 9. Nd5 Bxd5 10. exd5 b5 11. a4 b4 12. a5 Nbd7 13. Qd2 Nc5 14. Nxc5 dxc5 15. Bc4 Bd6 16. O-O Qc7 17. h3 O-O 18. c3 bxc3 19. bxc3 e4 20. Bg5 Rfe8 21. Bxf6 e3 22. Qe2 gxf6 23. f4 Bxf4 24. Qxh5 Qe5 25. Qg4+ Bg5 26. Be2 Kf8 27. c4 Rab8 28. Rad1 Rb2 29. Rb1 Reb8 30. Rxb2 Rxb2 31. Rd1 Rd2 32. Rb1 Qf4 33. Qxf4 Bxf4 34. Kf1 Bc7 35. Rb7 Bxa5 36. Ra7 Rc2 37. g3 Rc1+ 38. Kg2 Bc3 39. Rxa6 Be5 1/2-1/2

[Variant "Standard"]
[Site "Europe Echecs"]